 Dungeon Crawl Stone Soup version 0.27-a0-1416-g941b2bd30b (webtiles) character file.

Game seed: 12225892622501099924

182770 quinnr the Eclecticist (level 19, -1/148 HPs)
             Began as a Djinni Air Elementalist on July 1, 2021.
             Was the Champion of Qazlal.
             Slain by a merfolk impaler (25 damage)
             ... on level 2 of the Shoals on July 2, 2021.
             The game lasted 02:31:20 (56827 turns).

quinnr the Eclecticist (Djinni Air Elementalist)   Turns: 56827, Time: 02:31:20

Health: -1/148     AC: 10    Str:  7    XL:     19   Next: 4%
Gold:   1709       EV: 21    Int: 24    God:    Qazlal [******] SH: 15 Dex: 21

rFire    + + .     SeeInvis +   B - staff of air
rCold    + . .     Faith    .   t - +1 buckler "Oppimusk" {rC+}
rNeg     . . .     Spirit   .   d - +2 robe {Will+}
rPois    ∞         Reflect  .   (no helmet)
rElec    +         Harm     .   S - +0 cloak
rCorr    .         Rampage  .   G - +0 pair of gloves
Will     +++..                  (boots unavailable)
Stlth    +.........             Q - amulet of Vitality {Regen+ HP+15}
HPRegen  1.34/turn              N - ring of see invisible
MPRegen  0.00/turn              j - ring of Odwommif {rC+ Will+ Dex+6}

@: swift, about to teleport, protected from physical damage, flying, studying 4
skills, repel missiles, quick
A: sickness immunity, fire resistance 2, cold vulnerability 1, float, innate
caster, hp casting, extra vitality 1
a: Renounce Religion, Upheaval, Elemental Force, Disaster Area


You were on level 2 of the Shoals.
You worshipped Qazlal.
Qazlal was exalted by your worship.
You visited 5 branches of the dungeon, and saw 28 of its levels.
You also visited: Ice Cave and Volcano.

You collected 4117 gold pieces.
You spent 2408 gold pieces at shops.

Inventory:

Hand Weapons
 y - the +1 hand axe "Concordance" {elec, rN+ rCorr Stlth+}
   (You found it on level 12 of the Dungeon)

   Occasionally, upon striking a foe, it can discharge electrical energy and
   cause terrible harm.
   rN:        It protects you from negative energy.
   rCorr:     It protects you from acid and corrosion.
   Stlth:     It makes you more stealthy.
Missiles
 I - 17 curare-tipped darts
 O - a throwing net
 P - 2 atropa-tipped darts
Armour
 d - a +2 robe of willpower (worn)
 t - the +1 buckler "Oppimusk" (worn) {rC+}
   (You found it on level 4 of the Dungeon)

   rC:        It protects you from cold.
 G - a +0 pair of gloves (worn)
 S - a +0 cloak (worn)
Magical Staves
 B - a staff of air (weapon)
 F - a staff of cold
 L - a staff of poison
 R - a staff of death
Jewellery
 j - the ring of Odwommif (right hand) {rC+ Will+ Dex+6}
   (You found it on level 12 of the Dungeon)

   [ring of dexterity]

   Dex:       It affects your dexterity (+6).
   rC:        It protects you from cold.
   Will:      It increases your willpower.
 k - the ring "Azikes" {rElec rC+}
   (You acquired it on level 11 of the Dungeon)

   [ring of protection from cold]

   rC:        It protects you from cold.
   rElec:     It insulates you from electricity.
 p - a ring of Maajiup {rElec Will+}
   (You bought it in a shop on level 4 of the Dungeon)

   [ring of willpower]

   rElec:     It insulates you from electricity.
   Will:      It increases your willpower.
 A - a ring of positive energy
 M - a ring of protection from cold
 N - a ring of see invisible (left hand)
 Q - the amulet of Vitality (around neck) {Regen+ HP+15}
   (You bought it in a shop on level 2 of the Orcish Mines)

   [amulet of regeneration]

   HP:        It affects your health (+15).
   Regen:     It increases your rate of health regeneration.
Wands
 i - a wand of mindburst (15)
 m - a wand of iceblast (38)
 r - a wand of charming (14)
 u - a wand of polymorph (7)
 E - a wand of digging (9)
 H - a wand of flame (41)
 U - a wand of paralysis (5)
Scrolls
 a - 3 scrolls of torment
 b - 2 scrolls of magic mapping
 g - 3 scrolls of fog
 h - a scroll of brand weapon
 q - a scroll of summoning
 x - 20 scrolls of teleportation
 z - 2 scrolls of enchant armour
 D - 6 scrolls of fear
 T - 2 scrolls of enchant weapon
 V - a scroll of blinking
 Y - 7 scrolls of identify
 Z - a scroll of holy word
Potions
 c - a potion of berserk rage
 e - 8 potions of curing
 f - 3 potions of haste
 l - 5 potions of mutation
 n - 2 potions of might
 o - 3 potions of heal wounds
 s - 4 potions of ambrosia
 v - 3 potions of resistance
 w - 3 potions of cancellation
 C - 9 potions of attraction
 J - a potion of brilliance
 K - 7 potions of lignification
Miscellaneous
 W - a tin of tremorstones (2/2)


   Skills:
 + Level 11.3 Fighting
 - Level 4.0 Throwing
 + Level 10.6 Armour
 + Level 12.3 Dodging
 - Level 1.5 Stealth
 - Level 4.0 Shields
 - Level 18.0 Spellcasting
 + Level 8.5 Invocations
 + Level 8.4 Evocations


You had 2 spell levels left.
You knew the following spells:

 Your Spells              Type           Power      Damage    Failure   Level
a - Shock                 Conj/Air       100%       1d9       0%          1
b - Static Discharge      Conj/Air       100%       N/A       0%          2
c - Swiftness             Air            100%       N/A       0%          3
d - Airstrike             Air            52%        N/A       0%          4
e - Lightning Bolt        Conj/Air       52%        1d73      1%          5
f - Summon Small Mammal   Summ           100%       N/A       0%          1
g - Poisonous Vapours     Pois/Air       100%       N/A       0%          2
h - Frozen Ramparts       Ice            100%       1d12      0%          3
i - Portal Projectile     Hex/Tloc       100%       N/A       0%          3
j - Irradiate             Conj/Tmut      41%        3d27      1%          5
k - Summon Forest         Summ/Tloc      41%        N/A       1%          5
l - Shadow Creatures      Summ           N/A        N/A       1%          6
m - Death Channel         Necr           41%        N/A       1%          6
n - Eringya's Noxious Bo  Tmut/Pois      41%        N/A       1%          6
Your spell library was empty.

Dungeon Overview and Level Annotations

Branches:
Dungeon (15/15)            Temple (0/1) D:4            Lair (6/6) D:9
 Shoals (2/4) Lair:3       Spider (0/4) Lair:2        Slime (0/5) Lair:5
    Orc (2/2) D:12            Elf (3/3) Orc:2        Vaults (0/5) D:14
 Depths (0/5) D:15          IceCv (visited)         Volcano (visited)

Altars:
Ashenzari
Fedhas
Gozag
Hepliaklqana
Kikubaaqudgha
Makhleb
Qazlal
Ru
Sif Muna
Uskayaw
Vehumet
Xom
Zin
Beogh
Jiyva

Shops:
D:4 (=   D:14 *   D:15 (   Orc:1 *?[   Orc:2 *[?(=   Elf:1 (![?   Elf:3 (?(

Portals:
Abyss: Shoals:2
Trove: D:13 (give +4 ice dragon scales)

Annotations:
D:9 2 runed translucent doors
Lair:1 1 runed translucent door, unlimited's ghost, journeyman DgCj
Shoals:2 2 transporters, Hadeweugop's ghost, adept DsNe
Elf:2 3 runed translucent doors


Innate Abilities, Weirdness & Mutations

You are immune to sickness and miasma.
You are immune to poison.
Your flesh is very heat resistant. (rF++)
You are vulnerable to cold. (rC-)
You float through the air rather than walking.
You learn spells naturally, not from books.
Your magical power is your life essence.
You have superior vitality. (+4 HP)


Message History

Confirm with . or Enter, or press ? or * to list all spells.
Aiming: Lightning Bolt (safe; 1% risk of failure)
Press: ? - help, Shift-Dir - straight line, f/p - snapping turtle
Aim: a snapping turtle (water, heavily wounded, ally target, 89% to hit)
You feel a surge of power!
You hear a mighty clap of thunder!
The bolt of lightning hits the snapping turtle!!!
You kill the snapping turtle!
Qazlal accepts your kill.
* * * LOW HITPOINT WARNING * * *
A water nymph comes into view.
Unknown command.
Space becomes stable.
Your dryad disappears in a puff of smoke!
A merfolk comes into view. It is wielding a +0 spear.
Casting: Lightning Bolt (safe; 1% risk of failure)
Confirm with . or Enter, or press ? or * to list all spells.
Aiming: Lightning Bolt (safe; 1% risk of failure)
Press: ? - help, Shift-Dir - straight line, f - water nymph
Aim: a water nymph (water, 56% to hit)
Okay, then.
You hear a shout!
A merfolk impaler comes into view.
It is wielding a +1 trident of freezing.
The water nymph points at you and mumbles some strange words.
The water rises up and strikes you!
* * * LOW HITPOINT WARNING * * *
A merfolk comes into view. It is wielding a +2 trident of flaming.
A merfolk comes into view. It is wielding a +0 trident.
Casting: Lightning Bolt (safe; 1% risk of failure)
Confirm with . or Enter, or press ? or * to list all spells.
You feel a surge of power!
You feel quick.
* * * LOW HITPOINT WARNING * * *
You block the merfolk's attack.
The water nymph points at you and mumbles some strange words.
The water rises up and strikes you!!
* * * LOW HITPOINT WARNING * * *
As you read the scroll of teleportation, it crumbles to dust.
You feel strangely unstable.
The merfolk impaler hits you from afar with a +1 trident of freezing!!
You die...

≈≈≈≈≈≈≈≈≈≈≈≈≈≈≈≈≈≈≈≈≈≈≈≈≈≈≈≈≈≈≈≈≈
≈≈≈≈≈≈≈≈≈≈≈≈≈≈≈≈≈≈≈≈≈≈≈≈≈≈≈≈≈≈≈≈≈
≈≈≈≈≈≈≈≈≈≈≈≈≈≈≈≈≈≈≈≈≈≈≈≈≈≈≈≈≈≈≈≈≈
≈≈≈≈≈≈≈≈≈≈≈≈≈≈≈≈≈≈≈≈≈≈≈≈≈≈≈≈≈≈≈≈≈
≈≈≈≈m≈≈≈≈°§≈≈≈○≈≈≈≈≈≈≈≈≈≈≈≈≈≈≈≈≈≈
≈≈≈≈≈≈≈≈≈≈≈°≈≈○○≈≈≈≈≈≈≈≈≈≈≈≈≈≈≈≈≈
≈≈≈≈≈≈≈≈≈≈≈≈≈≈m§≈§≈≈≈≈≈≈≈≈≈≈≈≈≈≈≈
≈≈≈≈≈≈≈≈≈≈≈°°≈m≈≈≈≈≈≈≈≈≈≈≈≈≈≈≈≈≈≈
≈≈≈≈≈≈≈≈≈≈≈≈m§≈≈@○≈....≈≈≈≈≈≈≈≈≈≈
≈≈≈≈≈≈≈≈≈≈≈≈m≈≈≈☼≈§.....≈≈≈≈≈≈≈≈≈
≈≈≈≈≈≈≈≈≈≈≈≈≈≈○○≈..####.≈≈≈≈≈≈≈≈≈
≈.≈≈≈≈≈≈≈≈≈≈≈≈≈≈≈..# ##.≈≈≈≈≈≈≈≈≈
≈≈≈≈≈≈≈≈≈≈≈≈≈≈≈≈≈[.# #..≈≈≈≈≈≈≈≈≈
.≈≈≈≈≈≈≈≈≈≈≈≈≈≈≈≈.####.≈≈≈≈≈≈≈≈≈≈
≈≈≈≈≈≈≈≈≈≈≈≈≈≈≈≈..# #..≈≈≈≈≈≈≈≈≈≈
≈.≈≈≈≈≈≈≈≈≈≈≈≈≈≈..# #.P≈P≈≈≈≈≈≈≈≈
≈≈≈≈≈≈≈≈≈≈≈≈≈≈≈≈..###P≈P≈≈≈≈≈≈≈≈≈


You could see a merfolk impaler and 3 merfolk.

Vanquished Creatures
  Jorgrun (D:12)
  A deep elf master archer (Elf:3)
  A deep elf blademaster (Elf:2)
  Gastronok (D:8)
  Polyphemus (Shoals:2)
  Agnes (D:15)
  10 deep elf sorcerers
  Louise (D:15)
  3 deep elf elementalists
  3 deep elf demonologists
  Nessos (Lair:5)
  2 deep elf annihilators
  Azrael (D:15)
  A white draconian (IceCv)
  2 mummy priests (D:14)
  A merfolk javelineer (Shoals:2)
  2 deep elf death magi (Elf:3)
  5 deep elf high priests (Elf:3)
  2 merfolk impalers (Shoals:2)
  Erolcha (D:12)
  A fire dragon (Lair:6)
  Fannar (Lair:3)
  2 vault guards (D:14)
  5 two-headed ogres
  An ogre mage (Orc:2)
  6 hydras
  3 centaur warriors
  A catoblepas (Shoals:2)
  3 tengu warriors (D:13)
  7 dancing weapons
  7 death yaks
  3 orc high priests
  A hell hog (Volcano)
  A fire crab (shapeshifter) (Elf:2)
  Nergalle (Orc:2)
  7 deep elf knights
  2 fire crabs
  A skeletal warrior (D:15)
  3 sea snakes
  3 wizards
  An obsidian statue (Volcano)
  An orange crystal statue (D:9)
  13 deep elf archers
  19 deep elf pyromancers
  13 deep elf zephyrmancers
  10 orc sorcerers
  2 orc knights
  A necromancer (D:15)
  4 ugly things
  2 fauns (Shoals:2)
  2 manticores
  A moth of wrath (shapeshifter) (Elf:1)
  3 cyclopes
  8 elephants (Lair:5)
  7 black mambas
  A naga mage (D:15)
  Joseph (D:7)
  A centaur skeleton (D:15)
  A gargoyle (D:11)
  14 komodo dragons
  3 molten gargoyles (Lair:6)
  14 cane toads
  7 rime drakes
  2 kobold demonologists
  An efreet (D:12)
  A tengu conjurer (D:13)
  3 guardian mummies (D:14)
  8 trolls
  A meliai (shapeshifter) (D:13)
  13 polar bears (IceCv)
  A hornet (D:7)
  6 meliai
  A queen bee (Lair:5)
  5 merfolk
  11 slime creatures
  3 snapping turtles
  4 blink frogs
  4 dream sheep (Lair:4)
  3 redbacks (Lair:2)
  3 air elementals
  A spriggan (shapeshifter) (D:15)
  2 wraiths
  5 wyverns
  8 fire bats (Volcano)
  4 basilisks
  A vampire (D:14)
  47 yaks
  A hog (shapeshifter) (Elf:3)
  3 water elementals
  2 fire elementals
  5 vampire mosquitoes
  Menkaure (D:14)
  A steam dragon (D:9)
  A warg (Orc:2)
  3 acid dragons
  16 water moccasins
  7 hell hounds
  14 orc warriors
  A cane toad zombie (D:9)
  2 black bears
  2 ice beasts
  A necrophage (D:8)
  5 ogres
  22 wolves
  7 centaurs
  4 kobold brigands
  5 bullfrogs
  36 killer bees
  4 wights (D:6)
  A howler monkey (D:7)
  2 electric eels
  10 lava snakes
  2 centaur zombies
  A wyvern simulacrum (D:9)
  A bullfrog zombie (D:5)
  A jelly (D:6)
  15 orc priests
  5 hounds
  Ijyb (D:4)
  Terence (D:2)
  25 orc wizards
  Natasha (thrice) (D:4)
  5 hell rats (Lair:2)
  3 centaur simulacra
  A hound zombie (D:5)
  2 mummies (D:14)
  A hound skeleton (D:5)
  A killer bee simulacrum (D:9)
  A howler monkey zombie (D:9)
  8 adders
  A river rat (Lair:5)
  A shadow imp (D:5)
  3 white imps (D:9)
  2 ufetubi
  3 worms
  A dart slug (D:2)
  53 orcs
  2 ball pythons
  4 bats
  5 endoplasms
  6 giant cockroaches
  7 goblins
  5 hobgoblins
  5 jackals (D:2)
  20 kobolds
  A quokka (D:1)
  A frilled lizard (D:2)
  3 rats
  5 snaplasher vines
728 creatures vanquished.

Vanquished Creatures (collateral kills)
  A deep elf master archer (Elf:3)
  2 deep elf sorcerers (Elf:3)
  Aizul (Shoals:2)
  A deep elf elementalist (Elf:3)
  The ghost of logorrheac the Geomancer, a journeyman GrEE of Ashenzari (D:12)
  2 deep elf demonologists (Elf:3)
  A deep elf death mage (Elf:3)
  A mummy priest (D:14)
  2 deep elf high priests (Elf:3)
  A hydra (D:12)
  A boulder beetle (D:11)
  2 vault guards (D:14)
  2 ogre magi
  A merfolk avatar (Shoals:2)
  4 dancing weapons
  2 death yaks (Shoals:2)
  3 two-headed ogres
  4 skeletal warriors (D:15)
  3 deep elf knights
  2 sea snakes (Shoals:2)
  3 deep elf archers
  A wizard (D:15)
  4 deep elf zephyrmancers
  15 deep elf pyromancers
  A cyclops (D:15)
  3 orc sorcerers
  2 manticores (Shoals:2)
  2 fauns (Shoals:2)
  A merfolk siren (Shoals:1)
  A black mamba (Lair:6)
  A gargoyle (D:12)
  A water nymph (Shoals:1)
  A cane toad (Lair:5)
  2 komodo dragons
  A yaktaur (D:14)
  3 merfolk
  5 meliai
  2 wind drakes (Shoals:1)
  2 polar bears
  2 snapping turtles (Shoals:1)
  A dream sheep (Lair:4)
  A blink frog (Lair:5)
  A water elemental (Elf:2)
  4 yaks
  4 fire elementals
  A basilisk (shapeshifter) (D:15)
  A human (shapeshifter) (Elf:2)
  A wyvern (Lair:6)
  3 vampire mosquitoes (D:15)
  A warg (Elf:3)
  A floating eye (shapeshifter) (D:12)
  4 orc warriors
  2 hell hounds (D:15)
  4 ogres
  5 wolves
  An earth elemental (Elf:1)
  A killer bee (Lair:5)
  A centaur skeleton (D:4)
  5 orc wizards
  An adder (D:2)
  17 orcs
  2 kobolds (D:12)
152 creatures vanquished.

Vanquished Creatures (others)
  A polar bear (IceCv)
  An air elemental (Elf:3)
  2 yaks (IceCv)
  An orc warrior (D:15)
  2 wolves (IceCv)
  26 fungi
  57 plants
  16 snaplasher vines
106 creatures vanquished.

Grand Total: 986 creatures vanquished

Notes
Turn   | Place    | Note
-------+----------+-------------------------------------------
     0 | D:1      | quinnr the Djinni Air Elementalist began the quest for the
                  | Orb.
     0 | D:1      | Reached XP level 1. HP: 15/15 MP: 0/0
   649 | D:1      | Reached XP level 2. HP: 18/21 MP: 0/0
  1088 | D:1      | Reached skill level 3 in Spellcasting
  1516 | D:2      | Reached XP level 3. HP: 5/25 MP: 0/0
  1516 | D:2      | Learned a level 1 spell: Summon Small Mammal
  2235 | D:2      | Reached XP level 4. HP: 25/31 MP: 0/0
  2643 | D:2      | Reached skill level 4 in Spellcasting
  2702 | D:2      | Noticed Terence
  2715 | D:2      | Killed Terence
  2716 | D:2      | Reached XP level 5. HP: 23/35 MP: 0/0
  2716 | D:2      | Learned a level 2 spell: Poisonous Vapours
  3648 | D:3      | Found a faded altar of an unknown god.
  3761 | D:3      | Found a stormy altar of Qazlal.
  3765 | D:3      | Became a worshipper of Qazlal Stormbringer
  4198 | D:4      | Found Tenuli Faets's Jewellery Shoppe.
  4198 | D:4      | Noticed a yak
  4403 | D:3      | Killed a yak
  4404 | D:3      | Reached skill level 5 in Spellcasting
  4404 | D:3      | Reached XP level 6. HP: 4/40 MP: 0/0
  4797 | D:4      | Reached XP level 7. HP: 34/45 MP: 0/0
  4797 | D:4      | Learned a level 3 spell: Frozen Ramparts
  4869 | D:4      | Noticed Natasha
  4876 | D:4      | Killed Natasha
  5024 | D:4      | Noticed Natasha
  5032 | D:4      | Killed Natasha
  5093 | D:4      | Noticed Natasha
  5104 | D:4      | Killed Natasha
  5105 | D:4      | Reached skill level 6 in Spellcasting
  5253 | D:4      | Found a shimmering altar of Xom.
  5316 | D:4      | Identified the +1 buckler "Oppimusk" {rC+}
  5626 | D:4      | Reached skill level 1 in Shields
  6318 | D:4      | Noticed Ijyb
  6323 | D:4      | Killed Ijyb
  6412 | D:4      | Found Kipesm's Antique Weapon Shoppe.
  6474 | D:4      | Found a staircase to the Ecumenical Temple.
  6840 | D:5      | Entered Level 5 of the Dungeon
  6930 | D:5      | Reached * piety under Qazlal
  7188 | D:5      | Reached XP level 8. HP: 27/50 MP: 0/0
  8482 | D:6      | Reached skill level 7 in Spellcasting
  9198 | D:6      | Found a blossoming altar of Fedhas.
  9368 | D:7      | Reached XP level 9. HP: 46/55 MP: 0/0
  9368 | D:7      | Learned a level 3 spell: Portal Projectile
  9544 | D:7      | Noticed Joseph
  9552 | D:7      | Reached skill level 8 in Spellcasting
  9563 | D:6      | quinnr: @?joseph
  9563 | D:6      | beem: Joseph (@)
                  | Spd:
    10 | HD: 6    | HP: 53-81
                  | AC/EV: 4/9
                  | | Dam: 15
                  | weapons, items, doors, fighter, archer
                  | Res:
                  | magic(40)
                  | Corpse
                  | XP:
   455 | Sz: Medium | Int: human.
  9563 | D:6      | quinnr: ??joseph
  9563 | D:6      | beem: joseph[1/2]: Looks like a mercenary. He is generated
                  | with a quarterstaff, a sling, and sling bullets of pure
                  | pain.
  9686 | D:7      | Killed Joseph
  9975 | D:7      | Found an opulent altar of Gozag.
 10045 | D:7      | Found a hazy altar of Hepliaklqana.
 10319 | D:7      | Found a glowing silver altar of Zin.
 10388 | D:7      | Noticed a hornet
 10391 | D:7      | Killed a hornet
 10392 | D:7      | Reached skill level 9 in Spellcasting
 11356 | D:7      | Found a hazy altar of Hepliaklqana.
 11418 | D:7      | Found an opulent altar of Gozag.
 11495 | D:7      | Found a glowing silver altar of Zin.
 11718 | D:8      | Noticed a two-headed ogre
 11731 | D:8      | Killed a two-headed ogre
 11732 | D:8      | Reached skill level 10 in Spellcasting
 11732 | D:8      | Reached XP level 10. HP: 13/60 MP: 0/0
 12000 | D:8      | quinnr: ??portal projectile
 12000 | D:8      | beem: portal projectile[1/2]: Teleports a fired (wield
                  | launcher) or thrown missile directly to its target, greatly
                  | increasing its accuracy (but not damage). Has many
                  | interesting tactical uses, e.g. hitting the orc priest
                  | hanging out behind the pack. Does not pass (transparent)
                  | walls. It is the rough opposite of apportation, in that it
                  | can also fire whatever wherever whyever.
 12122 | D:8      | Reached skill level 1 in Fighting
 12822 | D:8      | Noticed Gastronok
 12834 | D:8      | Killed Gastronok
 12835 | D:8      | Reached skill level 5 in Fighting
 12835 | D:8      | Reached skill level 11 in Spellcasting
 12835 | D:8      | Reached XP level 11. HP: 28/75 MP: 0/0
 12835 | D:8      | Learned a level 5 spell: Irradiate
 13089 | D:8      | Found a broken altar of Ashenzari.
 13669 | D:8      | Reached ** piety under Qazlal
 13762 | D:7      | quinnr: ??qazlal
 13762 | D:7      | beem: qazlal[1/8]: The violent god of natural disasters.
                  | Gives SH, temporary resists, RMsl, and clouds surrounding
                  | you in a small radius (and immunity to all clouds). See
                  | also {upheaval}, {disaster area}, and {elemental force}.
 13762 | D:7      | quinnr: ??qazlal[2
 13762 | D:7      | beem: qazlal[2/8]: While worshipping Qazlal at least one *
                  | of piety, the storm surrounding you makes noise every turn.
                  | The amount of noise grows as you gain piety, reaching the
                  | same volume as fireball at max.
 13762 | D:7      | quinnr: ??qazlal[3
 13762 | D:7      | beem: qazlal[3/8]: Remember that you can press
                  | to show
                  | only terrain if the visual of the clouds bothers you.
 13762 | D:7      | quinnr: ??qazlal[4
 13762 | D:7      | beem: qazlal[4/8]: http://i.imgur.com/9SGuOAk.png
                  | http://i.imgur.com/AidD6ni.png (paranatural.net)
 13762 | D:7      | quinnr: ??qazlal[5
 13762 | D:7      | beem: qazlal[5/8]: he makes every floor into zotdef, but
                  | you are the orb
 13762 | D:7      | quinnr: ??qazlal[6
 13762 | D:7      | beem: qazlal[6/8]: Aka easymode for sprints.
 13935 | D:8      | Found a burning altar of Makhleb.
 13952 | D:8      | Found a hide-covered altar of Uskayaw.
 14145 | D:8      | Found a sacrificial altar of Ru.
 14162 | D:9      | Found a staircase to the Lair.
 14167 | D:9      | Reached skill level 1 in Armour
 14232 | D:9      | Noticed a two-headed ogre
 14237 | D:9      | Killed a two-headed ogre
 14238 | D:9      | Reached skill level 1 in Invocations
 14238 | D:9      | Reached skill level 1 in Evocations
 14343 | D:9      | Noticed a green ugly thing
 14348 | D:8      | Killed a green ugly thing
 14672 | D:9      | Identified a scroll of acquirement
 14672 | D:9      | Acquired an amulet of the acrobat
 15000 | D:9      | Found a runed translucent door.
 15016 | D:9      | Found a runed translucent door.
 15017 | D:9      | Found a large runed translucent door.
 15117 | D:9      | Found a large runed translucent door.
 15131 | D:9      | Noticed a centaur warrior
 15136 | D:9      | Killed a centaur warrior
 15520 | D:9      | Found a runed translucent door.
 15573 | D:9      | Found a runed translucent door.
 15952 | D:10     | Entered Level 10 of the Dungeon
 16123 | D:9      | Noticed an orange crystal statue
 16261 | D:9      | Killed an orange crystal statue
 16566 | D:10     | Noticed a two-headed ogre
 16577 | D:10     | Killed a two-headed ogre
 17217 | D:10     | Noticed a centaur warrior
 17232 | D:10     | Killed a centaur warrior
 17233 | D:10     | Reached XP level 12. HP: 35/81 MP: 0/0
 17734 | Lair:1   | Entered Level 1 of the Lair of Beasts
 17817 | Lair:1   | Reached skill level 5 in Dodging
 18574 | Lair:1   | Reached *** piety under Qazlal
 19044 | Lair:1   | Found a runed translucent door.
 19046 | Lair:1   | Noticed a spriggan rider
 19047 | Lair:1   | Noticed unlimited's ghost (journeyman DgCj)
 19047 | Lair:1   | Identified the +5 trident "Icvaih" {vorpal, rF+ rC+ Will+}
 19492 | Lair:2   | Reached skill level 12 in Spellcasting
 19793 | Lair:2   | Found a hole to the Spider Nest.
 19811 | Lair:2   | Noticed a death yak
 19828 | Lair:2   | Noticed a death yak
 19832 | Lair:2   | Killed a death yak
 19833 | Lair:2   | Noticed a death yak
 19932 | Lair:2   | Noticed a death yak
 20300 | D:9      | Killed a death yak
 20582 | Lair:1   | Killed a death yak
 20885 | Lair:1   | Killed a death yak
 21534 | Lair:2   | Reached XP level 13. HP: 80/92 MP: 0/0
 21534 | Lair:2   | Learned a level 5 spell: Summon Forest
 22328 | Lair:3   | Found a staircase to the Shoals.
 22532 | Lair:3   | Noticed Fannar
 22542 | Lair:3   | Killed Fannar
 23046 | Lair:3   | quinnr: ??scroll of torment
 23046 | Lair:3   | beem: torment[1/3]: Effectively halves the current hit
                  | points of all living creatures in sight of the caster. Most
                  | undead have {torment immunity} (player vampires might not
                  | have it). Demonspawns might get {torment resistance} as a
                  | mutation when levelling up.
 23046 | Lair:3   | quinnr: ??scroll of torment
 23046 | Lair:3   | beem: torment[1/3]: Effectively halves the current hit
                  | points of all living creatures in sight of the caster. Most
                  | undead have {torment immunity} (player vampires might not
                  | have it). Demonspawns might get {torment resistance} as a
                  | mutation when levelling up.
 23046 | Lair:3   | quinnr: ??scroll of torment[2
 23046 | Lair:3   | beem: torment[2/3]: A overrated threat for extended. Do not
                  | fear: aside from {torment resistance} and {torment
                  | immunity}, one can use tactics outlined in
                  | https://crawl.develz.org/tavern/viewtopic.php?f=8&t=3443&#p
                  | 43566 to deal with it.
 23046 | Lair:3   | quinnr: ??scroll of torment[3
 23046 | Lair:3   | beem: torment[3/3]: Negative energy resistance reduces the
                  | damage percentage by 5% per level, so at rNeg+++ torment
                  | only takes 35% of your health.
 23266 | Lair:3   | Identified the +7 quarterstaff of Makhleb's Scorn {venom,
                  | Int+2 Dex+5}
 23597 | Lair:4   | Found a dark tunnel.
 23614 | Lair:4   | quinnr: ??potion of attraction
 23614 | Lair:4   | beem: potion of attraction[1/1]: Quaffing this will cause
                  | monsters in LOS to be pulled adjacent to you while the
                  | duration lasts. Monsters can't drink these.
 23693 | Volcano  | Entered a volcano
 23790 | Volcano  | Reached skill level 13 in Spellcasting
 24646 | Lair:4   | Reached **** piety under Qazlal
 24889 | Lair:3   | quinnr: ??summon forest
 24889 | Lair:3   | beem: summon forest[1/3]: L5 Summ/Tloc in the book of the
                  | Warp and Summonings (Fen Folio in 0.17). Temporarily turns
                  | some nearby rock walls into trees, sometimes creates a
                  | small pool of water, and summons a dryad which can cast
                  | Awaken Forest and summon vines to pull monsters into the
                  | trees. Requires open space to cast.
 24889 | Lair:3   | quinnr: ??summon forest[2
 24889 | Lair:3   | beem: summon forest[2/3]: You can only summon a forest if
                  | one of the tiles in a 3x3 grid centered on your position is
                  | completely surrounded by open terrain.
 24889 | Lair:3   | quinnr: ??summon forest[3
 24889 | Lair:3   | beem: summon forest[3/3]: Each wall within 7 tiles has a
                  | Power/150 chance of being replaced by a tree. Ever floor
                  | tile that doesn't impede local connectivity has a
                  | Power/1250 chance. Dryad HD is 5+Power/18.
 24899 | Lair:4   | Reached skill level 5 in Armour
 24901 | Lair:4   | Reached skill level 5 in Evocations
 25587 | Lair:4   | Noticed a five-headed hydra
 25589 | Lair:4   | Killed a five-headed hydra
 25820 | Lair:4   | You are sucked into a shaft and drop 2 floors!
 25820 | Lair:6   | Entered Level 6 of the Lair of Beasts
 26069 | Lair:5   | Noticed Nessos
 26077 | Lair:5   | Killed Nessos
 26078 | Lair:5   | Reached XP level 14. HP: 56/101 MP: 0/0
 27045 | Lair:5   | Reached ***** piety under Qazlal
 28213 | Lair:5   | Found a staircase to the Slime Pits.
 28213 | Lair:5   | Found a viscous altar of Jiyva.
 29463 | Lair:6   | Reached skill level 14 in Spellcasting
 31288 | Lair:6   | Found a large runed translucent door.
 31289 | Lair:6   | Found a large runed translucent door.
 31791 | Lair:5   | quinnr: ??order
 31791 | Lair:5   | beem: hyperelliptic[1/2]: Lair -> D:12 -> Orc -> D:15 ->
                  | S:3 -> maybe other S:3 -> maybe Elf:1-2 -> get one S rune
                  | -> Vaults:4 -> get second S rune -> maybe Crypt -> Depths:5
                  | -> get three runes -> Zot ("S" means
                  | Shoals/Snake/Spider/Swamp)
 32680 | D:11     | Reached skill level 1 in Throwing
 32709 | D:11     | Reached XP level 15. HP: 83/105 MP: 0/0
 32709 | D:11     | Learned a level 6 spell: Shadow Creatures
 32971 | D:11     | Acquired the ring "Azikes" {rElec rC+}
 33217 | D:12     | Noticed Erolcha
 33220 | D:12     | Killed Erolcha
 33222 | D:12     | Identified the +1 hand axe "Concordance" {elec, rN+ rCorr
                  | Stlth+}
 33427 | D:12     | Found a frozen archway.
 33569 | IceCv    | Entered an ice cave
 34463 | IceCv    | Reached skill level 5 in Invocations
 34850 | IceCv    | Reached ****** piety under Qazlal
 36254 | D:12     | Found a staircase to the Orcish Mines.
 36496 | D:12     | Noticed Jorgrun
 36506 | D:12     | Killed Jorgrun
 36796 | D:12     | Found a transporter.
 36797 | D:12     | Found a transporter.
 36797 | D:12     | Noticed logorrheac's ghost (journeyman GrEE)
 36910 | D:12     | quinnr: ??shadow creatures
 36910 | D:12     | beem: shadow creatures[1/1]: L6 summoning (L5 in 0.17 and
                  | earlier) summoning, Book of Summonings and Dreams. When you
                  | cast it, summons one always-friendly level appropriate
                  | monster (some will come with an appropriate pack). When
                  | monsters cast it, summons up to 8. Good to use in places
                  | where normal monsters are nasty, like Zot.
 37156 | D:12     | Killed logorrheac's ghost
 37375 | D:12     | Reached skill level 15 in Spellcasting
 37598 | D:12     | Identified the ring of Odwommif {rC+ Will+ Dex+6}
 37605 | D:12     | quinnr: ??spectral
 37605 | D:12     | beem: spectral[1/1]: A weapon ego that creates an allies
                  | clone of your wielded weapon, see {spectral ego}. Also a
                  | type of {derived undead}, see {spectral thing}.
 37605 | D:12     | quinnr: ??spectral ego
 37605 | D:12     | beem: spectral ego[1/3]: An weapon ego that creates an
                  | allied spectral clone of your weapon when you melee a
                  | monster. The clone will persist so long as you continue to
                  | melee your target. Damage it takes is shared with you.
                  | Found on giant [spiked] clubs, quarterstaves, two-handed
                  | randarts of any type, and the {glaive of the guard}. Can
                  | also be a result of the {brand weapon} scroll.
 38581 | D:13     | Reached XP level 16. HP: 70/112 MP: 0/0
 38893 | D:13     | You are sucked into a shaft and drop 2 floors!
 38893 | D:15     | Entered Level 15 of the Dungeon
 39101 | D:15     | Noticed Agnes
 39108 | D:15     | Killed Agnes
 40014 | D:15     | Noticed Azrael
 40020 | D:15     | Killed Azrael
 40366 | D:15     | Noticed Louise
 40376 | D:15     | Killed Louise
 40703 | D:15     | Found Zezica's Antique Weapon Emporium.
 41132 | D:15     | Reached skill level 16 in Spellcasting
 41386 | D:15     | Found a staircase to the Depths.
 42825 | D:14     | Found a gate to the Vaults.
 43004 | D:14     | Reached skill level 10 in Dodging
 43279 | D:13     | Found a portal to a secret trove of treasure.
 44210 | D:14     | Found Ruitocof's Demolitions Depot.
 44212 | D:14     | You are sucked into a shaft and drop 1 floor!
 44504 | D:14     | Reached skill level 10 in Fighting
 44556 | D:14     | Noticed Menkaure
 44567 | D:14     | Killed Menkaure
 45256 | Orc:1    | Entered Level 1 of the Orcish Mines
 45936 | Orc:1    | Found Xuerghorr's Armour Boutique.
 45945 | Orc:1    | Found Bongym's Magic Scroll Boutique.
 45977 | Orc:1    | Found Tadore's General Store.
 46258 | Orc:2    | Entered Level 2 of the Orcish Mines
 47925 | Orc:2    | Found Restrerpha's General Store.
 47933 | Orc:2    | Bought a potion of haste for 170 gold pieces
 47946 | Orc:2    | Found a staircase to the Elven Halls.
 48288 | Orc:2    | Found Zafit's Antique Armour Emporium.
 48429 | Orc:2    | Noticed Nergalle
 48714 | Orc:2    | Killed Nergalle
 49059 | Orc:2    | Found Ziozer Jagg's Magic Scroll Shoppe.
 49070 | Orc:2    | Found Wucroguo's Antique Weapon Shoppe.
 49446 | Orc:2    | Found Ipokk's Jewellery Emporium.
 49474 | Orc:2    | Bought a ring of see invisible for 180 gold pieces
 49474 | Orc:2    | quinnr: ??contam
 49474 | Orc:2    | beem: contam[1/4]: Powerful enchantments have cumulative
                  | side effects on the body, represented by a magic
                  | contamination stat. When you get enough contam, you start
                  | glowing, and you can get mutations. But it decays - unless
                  | you are hasted or invisible. The mutations are 1/5 random,
                  | otherwise bad with a 50% chance of overriding mutation
                  | resistance.
 49474 | Orc:2    | quinnr: ??contam brand
 49474 | Orc:2    | beem: I don't have a page labeled contam_brand in my
                  | learndb.
 49474 | Orc:2    | Bought the amulet of Vitality {Regen+ HP+15} for 948 gold
                  | pieces
 49474 | Orc:2    | Found the amulet of Vitality {Regen+ HP+15}
 49517 | Orc:2    | Bought a scroll of teleportation for 33 gold pieces
 49517 | Orc:2    | Bought a scroll of teleportation for 33 gold pieces
 49917 | D:4      | Bought a ring of Maajiup {rElec Will+} for 507 gold pieces
 50143 | Elf:1    | Entered Level 1 of the Elven Halls
 50154 | Elf:1    | Reached XP level 17. HP: 104/120 MP: 0/0
 50154 | Elf:1    | Learned a level 6 spell: Death Channel
 50362 | Elf:1    | Found Oturrom's Distillery.
 50370 | Elf:1    | Bought a potion of heal wounds for 100 gold pieces
 50370 | Elf:1    | Bought a potion of haste for 200 gold pieces
 50449 | Elf:1    | Found Foseinua's Weapon Shoppe.
 50558 | Elf:1    | Acquired a manual of Armour
 50679 | Elf:1    | HP: 7/136 [+3 antimagic halberd (22)]
 51429 | Elf:1    | Found Yttim's Antique Armour Shop.
 51582 | Elf:1    | Found Yxe Fulo's Magic Scroll Boutique.
 51591 | Elf:1    | Bought a scroll of summoning for 133 gold pieces
 51757 | Elf:2    | Reached skill level 10 in Armour
 51997 | Elf:2    | Found a runed translucent gate.
 51997 | Elf:2    | Found a runed translucent gate.
 51998 | Elf:2    | Found a runed translucent gate.
 52394 | Elf:2    | Identified the +1 steam dragon scales "Etuadude" {Will-
                  | Regen+ rCorr Int+7}
 52702 | Elf:3    | Entered Level 3 of the Elven Halls
 52805 | Elf:3    | Found Muomeis's Antique Weapon Shop.
 52807 | Elf:3    | Found Siudathu's Magic Scroll Boutique.
 52810 | Elf:3    | Found Symu's Antique Weapon Shop.
 52911 | Elf:3    | quinnr: ??reap
 52911 | Elf:3    | beem: reaping[1/1]: A weapon brand that turns everything
                  | you kill into friendly zombies if a corpse is generated.
                  | Appears only on the unrandart Zonguldrok. Considered evil
                  | by the good gods.
 52913 | Elf:3    | Bought a scroll of fear for 38 gold pieces
 52913 | Elf:3    | Bought 2 scrolls of teleportation for 66 gold pieces
 52968 | Elf:3    | Noticed a deep elf blademaster
 52979 | Elf:2    | Killed a deep elf blademaster
 52980 | Elf:2    | Reached XP level 18. HP: 43/128 MP: 0/0
 53230 | Elf:3    | Noticed a Tzitzimitl
 53259 | Elf:2    | Reached skill level 17 in Spellcasting
 53956 | Elf:3    | Identified the +1 ring mail of Broken Taboos {rElec rPois
                  | rC+ Will-}
 53969 | Elf:3    | Identified the +2 scale mail of Xufor {rElec rPois Int+3
                  | Dex-5}
 53973 | Elf:3    | Noticed a deep elf master archer
 54096 | Elf:3    | Killed a deep elf master archer
 54146 | Elf:3    | Identified the +0 robe of Vumpy {Fly Int+2}
 54258 | Elf:3    | Identified the +5 long sword of Blind Justice {holy, Str+2}
 54290 | Elf:3    | Identified the +5 executioner's axe of Death {spect, Str+4}
 54334 | Elf:3    | Noticed a deep elf master archer
 54420 | Elf:3    | Identified the ring of the Demon Prince {Str+2 Dex+6}
 54422 | Elf:3    | Killed a deep elf master archer
 54517 | Elf:3    | Reached skill level 18 in Spellcasting
 55100 | Elf:3    | Identified the +7 hand crossbow of Futzibari {speed, *Slow
                  | rPois rCorr Str+6}
 55238 | Elf:3    | Identified the -5 cloak of Vagg {-Tele rPois rCorr Slay+5}
 55542 | Shoals:1 | Entered Level 1 of the Shoals
 56575 | Shoals:2 | Noticed Hadeweugop's ghost (adept DsNe)
 56585 | Shoals:2 | Found a transporter.
 56589 | Shoals:2 | Found a one-way gate to the infinite horrors of the Abyss.
 56609 | Shoals:2 | Found a transporter.
 56789 | Shoals:2 | Noticed Polyphemus
 56793 | Shoals:2 | Noticed Aizul
 56799 | Shoals:2 | Killed Polyphemus
 56800 | Shoals:2 | Reached XP level 19. HP: 80/133 MP: 0/0
 56800 | Shoals:2 | Learned a level 6 spell: Eringya's Noxious Bog
 56805 | Shoals:2 | Killed Aizul
 56827 | Shoals:2 | Slain by a merfolk impaler

Illustrated notes

Levels and vault maps discovered:
D:1:      evilmike_arrival_plus, layout_basic, minmay_misc_feat_roman
D:2:      layout_basic, uniq_terence
D:3:      layout_basic, general_overflow_altar, ebering_ecumenical_altar_box
D:4:      layout_layer_cave, nicolae_overflow_hidden_temple,
          minmay_temple_entry_statues_fountains, grunt_decor_one_mirror,
          nicolae_inconvenience_store, kennysheep_windowed_goal, uniq_natasha,
          uniq_ijyb
D:5:      layout_loops_ring, hangedman_decor_points
D:6:      layout_loops_ring, lemuel_round_altar
D:7:      layout_loops_cross, pdpol_temple_overflow_zin_treasury_gozag_greed,
          kennysheep_mini, uniq_joseph
D:8:      layout_basic, evilmike_ruin_ashenzari,
          nicolae_overflow_quartered_altars, uniq_gastronok
D:9:      layout_gridville, jmf_multi_god_temple2, lair_entry_dummy, serial_ice,
          serial_ice_f, serial_ice_j, serial_ice_h, serial_ice_d, serial_ice_e,
          serial_ice_c, minmay_statue_crystal_thing
D:10:     layout_basic
D:11:     layout_cave_pools
D:12:     layout_basic, orc_0_dummy, portal_ice_cave_rime,
          gammafunk_ghost_arena, uniq_erolcha, uniq_jorgrun
D:13:     layout_stronghold, enter_trove_1
D:14:     ragdoll_tomb_raider, layout_loops_ring, grunt_vaults_entry_fortified,
          minmay_misc_feat_columns, nicolae_blasting_shop, minmay_crystal_water
D:15:     grunt_enter_depths_magical_seal, layout_basic, minivault_27,
          serial_shops, shop_statue, uniq_agnes, uniq_louise, uniq_azrael
Lair:1:   layout_roguey, ebering_ghost_funeral_grove, serial_bayou_shore_b,
          grunt_megastairs_4
Lair:2:   layout_regular_city, spider_nest_entry_webs
Lair:3:   layout_layer_cave, elwin_shoals_entry_rocks,
          chequers_serial_rivers_micro_b, uniq_fannar
Lair:4:   layout_hall_layers, enter_volcano_3, grunt_megastairs_5,
          serial_bayou_shore_a
Lair:5:   regret_index_combs_of_tragedy, layout_regular_city, slime_altar_1,
          grunt_megastairs_1, uniq_nessos
Lair:6:   cheibrodos_lair_end_hotspot, layout_small_grid, serial_bayou,
          serial_bayou_lagoon_b, serial_bayou_pond_d, serial_bayou_pond_d,
          serial_bayou_crossing
Shoals:1: layout_shoals
Shoals:2: layout_shoals, gammafunk_ghost_abyssal_escape,
          nicolae_shop_overcharged_wands, uniq_polyphemus, uniq_aizul
Orc:1:    layout_diamond_mine, serial_shops, nicolae_shop_stone, shop, shop,
          shop, nicolae_shop_behind_doors
Orc:2:    kennysheep_orc_mage_school, layout_diamond_mine, serial_shops, shop
Elf:1:    layout_geoelf_octagon, serial_shops, shop, shop, shop, shop,
          evilmike_minifort, minivault_25, corexii_checkpoint_a
Elf:2:    layout_gridlike, serial_glass, glass_columns_c, glass_columns_b,
          glass_columns_a, glass_columns_a, glass_columns_a, glass_columns_a,
          glass_columns_a, glass_columns_b
Elf:3:    minmay_elf_hall_spiked, layout_rooms, drop_trap, minivault_20,
          minmay_shop_star

Skill      XL: |  1  2  3  4  5  6  7  8  9 10 11 12 13 14 15 16 17 18 |
---------------+-------------------------------------------------------+-----
Spellcasting   | 3 4 5 6 7 10 11 12 13 14 15 16 18 | 18.0
Shields        | 2 4 |  4.0
Fighting       | 5 7 9 10 11 | 11.3
Armour         | 4 5 10 | 10.6
Dodging        | 4 7 9 11 12 | 12.3
Invocations    | 4 8 |  8.5
Evocations     | 4 6 8 |  8.4
Throwing       | 1 4 |  4.0
Stealth        | |  1.5

Action                   |  1- 3 |  4- 6 |  7- 9 | 10-12 | 13-15 | 16-18 | 19-21 || total
-------------------------+-------+-------+-------+-------+-------+-------+-------++-------
Melee: Unarmed           |     5 |       |       |       |       |       |       ||     5
       Flail             |       |     1 |     7 |       |       |       |       ||     8
       Staff             |       |       |    15 |       |     5 |     3 |       ||    23
Throw: Dart              |       |       |       |       |     1 |       |       ||     1
 Cast: Shock             |    57 |    28 |    31 |    14 |     6 |       |       ||   136
       Summon Small Mamm |     7 |    18 |    56 |    35 |    24 |       |       ||   140
       Static Discharge  |       |     5 |    16 |    15 |    41 |    35 |       ||   112
       Poisonous Vapours |       |    36 |    49 |    23 |     9 |     2 |       ||   119
       Swiftness         |       |     1 |       |     3 |     2 |     4 |     1 ||    11
       Airstrike         |       |       |    34 |   155 |   433 |   529 |     5 ||  1156
       Frozen Ramparts   |       |       |     5 |     2 |       |       |       ||     7
       Lightning Bolt    |       |       |     6 |    51 |    78 |   113 |     4 ||   252
       Portal Projectile |       |       |       |     2 |     1 |       |       ||     3
       Summon Forest     |       |       |       |       |    41 |    58 |       ||    99
       Irradiate         |       |       |       |       |    18 |     6 |       ||    24
       Shadow Creatures  |       |       |       |       |    12 |   187 |       ||   199
       Death Channel     |       |       |       |       |       |     5 |       ||     5
  Use: Scroll            |       |       |     9 |    13 |    12 |     8 |     1 ||    43
       Potion            |       |       |       |     2 |     3 |     2 |       ||     7
 Stab: Distracted        |       |       |     1 |       |       |       |       ||     1
Armor: Robe              |     4 |     3 |     2 |     3 |     3 |    17 |       ||    32
       Acid dragon scale |       |       |       |    11 |    16 |       |       ||    27
Dodge: Dodged            |    13 |    15 |    26 |    23 |    59 |   148 |     4 ||   288
       Repelled          |       |       |       |       |     1 |     7 |       ||     8
Block: Buckler           |       |       |    20 |    24 |    83 |   122 |     1 ||   250

Table legend: (Time is in decaauts)
 A = Elapsed time spent in this place.
 B = Non-inter-level travel time spent in this place.
 C = Inter-level travel time spent in this place.
 D = Time resting spent in this place.
 E = Time spent auto-exploring this place.
 F = Levels seen in this place.
 G = Mean time per level.
                   A        B        C        D        E       F      G
               +--------+--------+--------+--------+--------+-----+--------+
         Total |  56937 |  53040 |   3897 |  19270 |  27570 |  30 | 1897.9 |
       Dungeon |  30677 |  28408 |   2269 |  10269 |  15576 |  15 | 2045.1 |
          Lair |  12604 |  11910 |    694 |   4261 |   6387 |   6 | 2100.7 |
        Shoals |   1213 |   1175 |     38 |     38 |    915 |   2 |  606.5 |
  Orcish Mines |   4438 |   4000 |    438 |   2072 |   1358 |   2 | 2219.0 |
   Elven Halls |   5125 |   4669 |    456 |   1215 |   2280 |   3 | 1708.3 |
      Ice Cave |   1991 |   1991 |      0 |   1050 |    718 |   1 | 1991.0 |
       Volcano |    886 |    886 |      0 |    365 |    336 |   1 |  886.0 |
               +--------+--------+--------+--------+--------+-----+--------+

Top non-repeatable levels by time:
    D:15: 3092 daAuts
     D:8: 2880 daAuts
     D:7: 2818 daAuts
    D:12: 2535 daAuts
  Lair:1: 2519 daAuts
  Lair:6: 2501 daAuts
     D:9: 2499 daAuts
   Orc:2: 2470 daAuts
  Lair:5: 2353 daAuts
    D:14: 2153 daAuts
  Lair:4: 1993 daAuts
   IceCv: 1991 daAuts
   Orc:1: 1967 daAuts
  Lair:3: 1967 daAuts
   Elf:2: 1918 daAuts
